 Dungeon Crawl Stone Soup version 0.31-a0-1104-g3bd3108e02 (webtiles) character file.

Game seed: 17726527704214322050

43 Dirtsage the Magician (level 3, 0/27 HPs)
             Began as a Djinni Fire Elementalist on Dec 2, 2023.
             Slain by an iguana (11 damage)
             ... on level 2 of the Dungeon.
             The game lasted 00:04:24 (1429 turns).

Dirtsage the Magician (Djinni Fire Elementalist)    Turns: 1429, Time: 00:04:24

Health: 0/27       AC:  3    Str:  9    XL:     3   Next: 82%
Gold:   42         EV: 12    Int: 16    God:
                   SH:  0    Dex: 13

rFire   + + .        c - +2 long sword (flame)
rCold   x . .        (no shield)
rNeg    . . .        a - +0 robe
rPois   ∞            (no helmet)
rElec   .            b - +0 cloak
rCorr   .            (no gloves)
SInv    .            (boots unavailable)
Will    .....        (no amulet)
Stlth   ++           (no ring)
HPRegen 0.24/turn    (no ring)
MPRegen 0.00/turn

%: infuse magic (-1 HP)
@: flying
A: sickness immunity, fire resistance 2, cold vulnerability 1, float, innate
caster, HP casting, extra vitality 1
a: no special abilities


You were on level 2 of the Dungeon.
You visited 1 branch of the dungeon, and saw 2 of its levels.

You collected 70 gold pieces.
You spent 28 gold pieces at shops.

Inventory:

Hand Weapons
 c - a +2 long sword of flaming (weapon)
Armour
 a - a +0 robe (worn)
 b - a +0 cloak (worn)
Wands
 f - a wand of iceblast (6)
Scrolls
 d - a scroll of fog {unknown}
 e - 2 scrolls of vulnerability {unknown}
 g - 3 scrolls of enchant weapon {unknown}
 h - a scroll of immolation
 i - 2 scrolls of identify


   Skills:
 + Level 1.1 Fighting
 + Level 1.1 Armour
 + Level 2.6 Dodging
 - Level 1.5 Stealth
 * Level 3.3 Spellcasting
 * Level 3.3 Conjurations
 * Level 3.3 Hexes
   Level 0.0 Charms
 * Level 3.3 Summonings
 * Level 3.3 Necromancy
 * Level 3.3 Translocations
 * Level 3.3 Transmutations
 * Level 3.3 Fire Magic
 * Level 3.3 Ice Magic
 * Level 3.3 Air Magic
 * Level 3.3 Earth Magic
 * Level 3.3 Poison Magic


You knew the following spells:

 Your Spells              Type           Power      Damage    Failure   Level
a - Foxfire               Conj/Fire      52%        2x1d6     4%          1
b - Scorch                Fire           26%        2d6       7%          2
c - Volatile Blastmotes   Fire/Tloc      26%        2d12      14%         3
d - Inner Flame           Hex/Fire       13%        N/A       14%         3
e - Flame Wave            Conj/Fire      13%        2d6       43%         4
f - Sandblast             Erth           26%        2d8       4%          1
Your spell library was empty.

Dungeon Overview and Level Annotations

Branches:
Dungeon (2/15)

Altars:

Shops:
D:2 (**


Innate Abilities, Weirdness & Mutations

You are immune to sickness and miasma.
You are immune to poison.
Your flesh is very heat resistant. (rF++)
You are vulnerable to cold. (rC-)
You float through the air rather than walking.
You learn spells naturally, not from books.
Your magical power is your life essence.
You have superior vitality. (+4 MHP)


Message History

Casting: Foxfire (safe; 4% risk of failure)
Press: ? - help, Q - select action, (/) - cycle Dir - look around, f - activate You conjure some foxfire!
The goblin shouts!
You take 1 damage, and have 26/27 hp.
The foxfire hits the goblin.
You kill the goblin!
You hear a splash. x2
Health restored: 27 You now have 42 gold pieces (gained 14).
You see here a +2 long sword of flaming.
There is an entrance to Tastaote's Assorted Antiques here.
You can access your shopping list by pressing '$'.
You see here a +2 long sword of flaming.
c - a +2 long sword of flaming Your +2 long sword of flaming bursts into flame!
c - a +2 long sword of flaming (weapon)
A dart slug comes into view.
An iguana comes into view.
The helpless dart slug fails to defend itself.
You hit the dart slug. You burn the dart slug.
The dart slug is moderately wounded.
The dart slug misses you.
You hit the dart slug. You burn the dart slug.
You kill the dart slug!
You see here a dart slug corpse.
The iguana hisses angrily.
The iguana bites you.
You take 3 damage, and have 24/27 hp.
You closely miss the iguana. The iguana closely misses you.
You hit the iguana but do no damage. The iguana bites you!
The iguana completely misses you.
You take 12 damage, and have 12/27 hp.
MASSIVE DAMAGE!!
Casting: Foxfire (safe; 4% risk of failure)
Confirm with . or Enter, or press ? or * to list all spells.
Flames lash the iguana.
The iguana is heavily wounded.
The iguana's fire resistance burns away.
The iguana bites you!
You die...

#.##. ..# #.#..
..# #.#
....#####..# #.#
#..........###.#
#.#.#..≈≈≈...#.#
#.#.#.≈≈≈≈≈# #.#
#.#.##≈≈∩≈≈#.#.#
#.....≈~.~≈..#l#
#.#.#.)~.~####@#
###...#.##..# #.#
........###.# #.#
###.#######.# #.#
....#.......# #†#
....#.####### #.#
.####.##########.#
....#............#
...........#######


You could see an iguana (combustible).

Vanquished Creatures
  3 dart slugs
  6 ball pythons (D:1)
  2 endoplasms (D:1)
  2 giant cockroaches
  3 goblins
  4 hobgoblins (D:2)
  2 jackals (D:2)
  2 quokkas
  2 frilled lizards (D:1)
  4 kobolds (D:1)
  5 rats (D:1)
35 creatures vanquished.

Vanquished Creatures (others)
  44 foxfires
44 creatures vanquished.

Grand Total: 79 creatures vanquished

Notes
Turn   | Place    | Note
-------+----------+-------------------------------------------
     0 | D:1      | Dirtsage the Djinni Fire Elementalist began the quest for
                  | the Orb.
     0 | D:1      | Dirtsage set off with the following spells memorised:
                  | Foxfire, Scorch, Volatile Blastmotes, Inner Flame, Flame
                  | Wave.
     0 | D:1      | Reached XP level 1. HP: 15/15 MP: 0/0
   189 | D:1      | Reached XP level 2. HP: 21/22 MP: 0/0
   571 | D:1      | Reached XP level 3. HP: 16/26 MP: 0/0
   571 | D:1      | Learned a level 1 spell: Sandblast
  1044 | D:2      | Reached skill level 1 in Fighting
  1044 | D:2      | Reached skill level 1 in Armour
  1050 | D:2      | Found a faded altar of an unknown god.
  1100 | D:2      | Found Guorgh's Weapon Shop.
  1360 | D:2      | Found Xiuh's General Store.
  1363 | D:2      | Bought a scroll of identify for 28 gold pieces
  1377 | D:2      | Found Tastaote's Assorted Antiques.
  1429 | D:2      | Slain by an iguana

Illustrated notes

Levels and vault maps discovered:
D:1:      nagdon_arrival_double_spiral, layout_basic
D:2:      layout_basic, hellmonk_ecumenical_altar_blasted, serial_shops, shop,
          nicolae_shop_window_shopping, shop, nicolae_shop_waterfront,
          nicolae_shop_real_fake_doors, nicolae_the_louvre

Skill      XL: |  1  2  3 |
---------------+----------+-----
Spellcasting   | |  3.3
Conjurations   | |  3.3
Hexes          | |  3.3
Summonings     | |  3.3
Necromancy     | |  3.3
Translocations | |  3.3
Transmutations | |  3.3
Fire Magic     | |  3.3
Ice Magic      | |  3.3
Air Magic      | |  3.3
Earth Magic    | |  3.3
Poison Magic   | |  3.3
Fighting       | 1 |  1.1
Armour         | 1 |  1.1
Dodging        | |  2.6
Stealth        | |  1.5

Action                     || total
---------------------------++-------
  Melee: Unarmed           ||    12
         Long sword        ||     4
   Cast: Foxfire           ||    28
         Scorch            ||    21
         Volatile Blastmot ||     2
   Stab: Sleeping          ||     1
 Armour: Robe              ||    14
  Dodge: Dodged            ||    15

Table legend: (Time is in decaauts)
 A = Elapsed time spent in this place.
 B = Non-inter-level travel time spent in this place.
 C = Inter-level travel time spent in this place.
 D = Time resting spent in this place.
 E = Time spent auto-exploring this place.
 F = Levels seen in this place.
 G = Mean time per level.
                   A        B        C        D        E       F      G
               +--------+--------+--------+--------+--------+-----+--------+
         Total |   1429 |   1389 |     40 |      0 |   1169 |   2 |  714.5 |
       Dungeon |   1429 |   1389 |     40 |      0 |   1169 |   2 |  714.5 |
               +--------+--------+--------+--------+--------+-----+--------+

Top non-repeatable levels by time:
     D:1: 938 daAuts
     D:2: 491 daAuts
